Map: Automaton LE

Players

Piroxiljin

  • Race: Terran Terran
  • Spawn Location: 3:00

VOD

Have the link to the VOD?

Description

Time

  • Played on: Jan. 21, 2019, 10:23 a.m.
  • Length: 40:05
Show
View Real Time Build Order
Export as new Build Order

Piroxiljin Terran 

Build Orders:  

Get SALT Encoding   

  12  0:01  SCV  
  13  0:19  SCV  
  14  0:28  Supply Depot  
  14  0:36  SCV  
  15  0:58  SCV  
  16  1:04  Barracks  
  16  1:15  SCV  
  17  1:28  Refinery  
  17  1:36  SCV  
  18  1:54  SCV  
  19  2:06  Refinery  
  19  2:11  SCV  
  20  2:35  Orbital Command  
  20  2:46  Supply Depot  
  20  3:03  Factory  
  20  3:15  Barracks Reactor  
  20  3:34  SCV  
  21  3:51  SCV  
  22  4:27  Barracks Tech Lab  
  22  4:37  Hellion x2  
  26  4:53  Barracks  
  26  4:58  Marauder  
  28  5:01  Concussive Shells  
  28  5:03  SCV  
  29  5:20  Command Center  
  29  5:24  SCV  
  30  5:46  Supply Depot  
  30  6:00  Marauder  
  30  6:06  Widow Mine x2  
  35  6:30  Marauder  
  35  6:34  SCV  
  35  6:37  Supply Depot  
  35  6:39  Barracks Tech Lab  
  38  6:51  SCV  
  39  7:00  Marauder  
  39  7:04  Factory  
  39  7:09  Supply Depot  
  41  7:22  Hellion  
  41  7:23  Hellion  
  41  7:24  Marauder  
  47  7:30  Marauder  
  49  7:48  SCV  
  50  7:56  Engineering Bay  
  50  8:04  Widow Mine x2  
  50  8:05  SCV  
  50  8:09  Marine  
  52  8:17  Marine  
  57  8:26  SCV  
  58  8:30  SCV  
  58  8:34  Marine  
  60  8:42  Marine  
  60  8:47  SCV  
  62  8:58  Refinery  
  62  9:01  Refinery  
  62  9:04  SCV  
  52  10:05  Factory Tech Lab  
  52  10:30  Hellion  
  52  10:31  Marauder  
  52  10:32  Marauder  
  52  10:38  Unknown  
  58  10:44  Terran Infantry Weapons Level 1  
  58  10:50  Engineering Bay  
  58  10:55  Supply Depot  
  58  10:58  SCV  
  58  10:59  Supply Depot  
  59  11:01  Supply Depot  
  59  11:15  SCV  
  59  11:19  SCV  
  61  11:21  Armory  
  61  11:25  Infernal Pre-Igniter  
  61  11:32  SCV  
  61  11:36  SCV  
  63  11:46  Cyclone  
  63  11:49  SCV  
  67  12:05  Factory  
  67  12:07  Marauder  
  67  12:09  Widow Mine x2  
  69  12:10  Marauder  
  75  12:25  SCV  
  76  12:31  Cyclone  
  76  12:37  Marauder  
  76  12:39  Widow Mine x2  
  81  12:40  Marauder  
  81  12:42  SCV  
  81  12:49  Terran Infantry Armor Level 1  
  88  12:54  Terran Vehicle Weapons Level 1  
  88  13:03  SCV  
  89  13:16  Siege Tank  
  92  13:20  SCV  
  93  13:31  Barracks Tech Lab  
  93  13:38  Supply Depot  
  93  13:42  Supply Depot  
  93  13:45  Supply Depot x2  
  93  14:08  Siege Tank  
  96  15:14  SCV x2  
  98  15:27  Factory  
  98  15:29  Drilling Claws  
  96  15:31  SCV  
  88  16:04  Hellion  
  70  16:34  Hellion  
  65  17:23  Barracks Tech Lab  
  65  17:24  Terran Vehicle And Ship Armor Level 1  
  65  17:27  Terran Infantry Armor Level 2  
  65  17:28  Starport  
  65  17:29  Terran Infantry Weapons Level 2  
  65  17:38  SCV  
  66  17:58  Refinery  
  66  17:59  Command Center  
  66  18:00  Widow Mine x2  
  66  18:12  Siege Tank  
  66  18:16  Marauder x2  
  77  18:29  Cyclone  
  80  18:30  Siege Tank  
  83  18:46  Marauder x2  
  87  18:54  Starport Tech Lab  
  87  18:57  Siege Tank  
  90  19:03  Supply Depot  
  90  19:09  Supply Depot  
  90  19:21  Widow Mine x2  
  90  19:26  Unknown  
  94  19:42  Cyclone  
  94  19:44  Cyclone x2  
  103  20:15  Siege Tank  
  103  20:25  Siege Tank x3  
  103  20:27  Cyclone  
  106  20:31  SCV  
  103  20:48  SCV  
  103  20:49  Siege Tank x3  
  100  21:05  SCV  
  97  21:18  Widow Mine x2  
  85  21:24  Siege Tank  
  85  21:26  Siege Tank  
  84  21:57  Cyclone  
  84  21:58  Hellion x2  
  91  22:09  Siege Tank  
  94  22:11  Cyclone  
  94  22:19  Supply Depot  
  97  22:23  Supply Depot  
  97  22:26  Supply Depot  
  85  22:42  Cyclone  
  88  23:11  Raven  
  88  23:16  Armory  
  90  23:26  Armory  
  90  23:40  SCV  
  90  23:41  Refinery  
  90  23:49  Thor x2  
  103  23:51  Siege Tank  
  103  23:55  Terran Infantry Weapons Level 3  
  103  23:57  SCV  
  107  24:11  Raven  
  105  24:36  Siege Tank  
  108  24:49  Cyclone x2  
  114  25:07  Missile Turret  
  114  25:11  Raven  
  116  25:20  Siege Tank  
  119  25:32  Missile Turret  
  119  25:34  Siege Tank  
  119  25:36  Missile Turret  
  118  25:52  Siege Tank  
  121  26:05  Siege Tank  
  121  26:08  Missile Turret  
  124  26:10  Banshee  
  124  26:19  Siege Tank  
  91  27:10  Viking  
  93  27:22  Command Center  
  93  27:23  Refinery  
  93  27:27  Refinery  
  93  27:35  Terran Infantry Armor Level 3  
  93  27:42  Terran Vehicle And Ship Armor Level 2  
  93  27:44  Terran Ship Weapons Level 1  
  93  27:46  Terran Vehicle Weapons Level 2  
  93  27:52  Viking  
  93  27:58  Starport  
  95  28:03  Cyclone  
  95  28:04  Cyclone, Siege Tank  
  95  28:05  Siege Tank x5  
  104  28:11  Hellion x2  
  108  28:36  Starport x2  
  108  28:39  Widow Mine x2  
  108  28:41  Hellion x2  
  108  28:48  Siege Tank  
  119  28:57  Structure Armor  
  69  30:47  Thor x2  
  69  30:48  Thor  
  81  30:51  Viking x2  
  85  31:47  Cyclone, Thor  
  85  31:48  Cyclone  
  97  32:32  Cyclone, Thor  
  97  32:39  Ghost Academy  
  106  32:44  Starport Tech Lab  
  106  32:47  Siege Tank  
  109  33:01  SCV  
  110  33:18  SCV  
  110  33:19  Cyclone  
  114  33:32  Thor  
  114  33:35  Ghost  
  122  34:04  Ghost  
  124  34:26  Siege Tank x2  
  120  34:52  Hi-Sec Auto Tracking  
  39  36:09  Thor  
  48  36:14  Viking  
  48  36:15  Viking  
  58  36:39  Missile Turret  
  54  36:40  Missile Turret x2  
  54  36:43  Missile Turret  
  54  36:45  Missile Turret x2  
  48  36:57  Missile Turret  
  38  37:13  Missile Turret  
  27  39:23  Supply Depot  
  27  39:24  Supply Depot  
  27  39:26  Supply Depot  
Tags
 
Add a new tag
Caveats
  • Supply blocks, unpowered buildings, or Contaminate may cause inaccurate times.
  • Supply counts are checked every 10 seconds.